 Dungeon Crawl Stone Soup version 0.25-a0-458-g6fc7858b95 (webtiles) character file.

Game seed: 17291970681809967256, levelgen mode: deterministic

14496 Eurus the Thaumaturge (level 11, -3/77 HPs)
             Began as a Mummy Conjurer on Feb 1, 2020.
             Was a Follower of Ashenzari.
             Slain by a white ugly thing (15 damage)
             ... on level 12 of the Dungeon.
             The game lasted 00:51:58 (18071 turns).

Eurus the Thaumaturge (Mummy Conjurer)             Turns: 18071, Time: 00:51:59

Health: -3/77      AC: 12    Str: 11    XL:     11   Next: 89%
Magic:  29/36      EV: 12    Int: 17    God:    Ashenzari [*.....]
Gold:   776        SH:  0    Dex: 14    Spells: 28/35 levels left

rFire    x . .     SeeInvis +   i - +4 quarterstaff (chaos)
rCold    + . .     Gourm    .   (shield currently unavailable)
rNeg     + + +     Faith    .   x - +0 troll leather armour
rPois    ∞         Spirit   .   (no helmet)
rElec    .         Reflect  .   j - +2 cloak
rCorr    .         Harm     .   f - +2 pair of gloves
MR       +....                  v - +0 pair of boots
Stlth    ++........             n - amulet of magic regeneration (curse)
HPRegen  0.62/turn              s - ring of magical power (curse)
MPRegen  0.50/turn              r - ring of see invisible

@: no status effects
A: no food or potions, fire vulnerability, cold resistance 1, negative energy
resistance 3, torment resistance, unbreathing
a: Curse Item, Scrying, Renounce Religion


You were on level 12 of the Dungeon.
You worshipped Ashenzari.
Ashenzari was aware of your devotion.
You were not hungry.

You visited 2 branches of the dungeon, and saw 13 of its levels.

You collected 776 gold pieces.

Inventory:

Hand Weapons
 i - a +4 quarterstaff of chaos (weapon)
Armour
 f - a +2 pair of gloves (worn)
 j - a +2 cloak (worn)
 m - a +0 buckler
 v - a +0 pair of boots (worn)
 w - a +1 leather armour of fire resistance
 x - a +0 troll leather armour (worn)
Jewellery
 h - an uncursed ring of protection from fire
 n - a cursed amulet of magic regeneration (around neck)
 o - a +3 amulet of reflection
 r - a ring of see invisible (right hand)
 s - a cursed ring of magical power (left hand)
Wands
 a - a wand of polymorph (15)
 t - a wand of clouds (4)
 u - a wand of flame (32)
Scrolls
 b - 7 scrolls of teleportation
 c - a scroll of magic mapping
 d - 3 scrolls of identify
 e - 8 scrolls of enchant armour
 g - 2 scrolls of blinking
 k - 7 scrolls of fear
 l - 9 scrolls of remove curse
 p - a scroll of torment
 q - a scroll of summoning


   Skills:
 - Level 4.0 Fighting
 - Level 4.3 Staves
 + Level 5.2 Armour
 - Level 1.5 Dodging
 - Level 1.5 Stealth
 - Level 12.8 Spellcasting
 + Level 10.2 Conjurations
 + Level 5.3 Fire Magic


You had 28 spell levels left.
You knew the following spells:

 Your Spells              Type           Power        Failure   Level  Hunger
a - Magic Dart            Conj           ####         1%          1    N/A
b - Searing Ray           Conj           #####.       1%          2    N/A
c - Sticky Flame          Conj/Fire      #####...     3%          4    N/A

Your spell library contained the following spells:

 Spells                   Type           Power        Failure   Level  Hunger
 Foxfire                  Conj/Fire      ####         1%          1    N/A
 Conjure Flame            Conj/Fire      #####...     1%          3    N/A
 Dazzling Flash           Conj/Hex       ####..       3%          3    N/A
 Animate Skeleton         Necr           N/A          9%          1    N/A
 Apportation              Tloc           ##....       9%          1    N/A
 Corona                   Hex            ##.....      9%          1    N/A
 Infusion                 Chrm           ##..         9%          1    N/A
 Summon Small Mammal      Summ           ##..         9%          1    N/A
 Inner Flame              Hex/Fire       ###.....     9%          3    N/A
 Fireball                 Conj/Fire      #####.....   9%          5    N/A
 Fulminant Prism          Conj/Hex       ####......   10%         4    N/A
 Iskenderun's Mystic Bla  Conj/Tloc      ####....     10%         4    N/A
 Shroud of Golubria       Chrm/Tloc      ##....       12%         2    N/A
 Song of Slaying          Chrm           ##......     12%         2    N/A
 Ozocubu's Armour         Chrm/Ice       ##......     24%         3    N/A
 Spectral Weapon          Hex/Chrm       ##......     24%         3    N/A

Dungeon Overview and Level Annotations

Branches:
Dungeon (12/15)            Temple (1/1) D:6            Lair (0/6) D:8
    Orc (0/2) D:12

Altars:
Ashenzari
Cheibriados
Dithmenos
Elyvilon
Fedhas
Gozag
Hepliaklqana
Kikubaaqudgha
Makhleb
Nemelex Xobeh
Okawaru
Qazlal
Ru
Sif Muna
Trog
Uskayaw
Vehumet
Wu Jian
Xom
Yredelemnul
Zin
The Shining One

Shops:
D:10 ?

Annotations:
D:4 exclusion: quasit, Grinder
D:6 exclusion: cyclops
D:8 Joseph
D:11 exclusion: unseen horror


Innate Abilities, Weirdness & Mutations

You do not eat or drink.
Your flesh is vulnerable to fire.
You are immune to poison.
Your flesh is cold resistant. (rC+)
You are immune to negative energy. (rN+++)
You are immune to unholy pain and torment.
You can survive without breathing.


Message History

The searing ray hits the two-headed ogre but does no damage.
The two-headed ogre is heavily wounded.
The white ugly thing misses you.
Unknown command.
The searing ray misses the white ugly thing.
The searing ray hits the two-headed ogre.
The two-headed ogre is heavily wounded.
You finish channeling your searing ray.
The white ugly thing kicks you but does no damage.
The white ugly thing barely misses you.
Unknown command.
The white ugly thing barely misses you. The white ugly thing kicks you!
The white ugly thing freezes you! You resist.
* * * LOW HITPOINT WARNING * * *
The white ugly thing kicks you but does no damage.
There is a stone staircase leading up here.
The white ugly thing kicks you.
* * * LOW HITPOINT WARNING * * *
The white ugly thing freezes you! You resist.
You die...

#.#..) #..### ##.# #
#..##+ #.#... #########
##...#. #.......########
#..### #.#####........#
#....#. #.##...@.#####.#
#..#...
#.##...u....##.###...##'
#.....O..##..........#
####..##.##.##.####..#
#..##... #.# #.#...
#..##.......# .....
#..#####.#### .#.##
#...†O...# ..#
#...####.... ..


You could see a white ugly thing and a two-headed ogre.

Vanquished Creatures
  2 ugly things
  2 manticores
  7 centaur zombies
  A komodo dragon (D:10)
  3 trolls (D:12)
  2 hornets (D:8)
  3 hippogriffs
  11 yaks
  A wraith (D:11)
  A wyvern (D:12)
  3 hungry ghosts (D:7)
  3 vampire mosquitoes
  2 soldier ants (D:8)
  3 water moccasins
  4 sky beasts
  A black bear (D:11)
  4 ice beasts
  8 orc warriors
  A phantom (D:4)
  3 ogres
  6 centaurs
  3 big kobolds (D:10)
  4 bullfrogs
  A gnoll sergeant (D:8)
  2 scorpions
  17 killer bees
  12 wights
  2 howler monkeys
  2 crimson imps
  5 hounds
  2 bullfrog zombies
  10 orc priests
  2 centaur skeletons
  2 jellies (D:6)
  16 orc wizards
  Crazy Yiuf (D:2)
  3 bullfrog skeletons
  4 iguanas
  4 worker ants
  3 hound zombies
  4 hound skeletons
  2 worker ant zombies (D:11)
  10 adders
  4 gnolls (D:8)
  A howler monkey skeleton (D:4)
  7 river rats (D:5)
  An adder zombie (D:6)
  An adder skeleton (D:4)
  2 worms
  2 dart slugs
  7 leopard geckos
  63 orcs
  9 bats
  3 giant cockroaches
  8 hobgoblins
  3 jackals (D:6)
  26 kobolds
  6 quokkas
  3 frilled lizards
  7 goblins
  2 jackal skeletons
  A quokka skeleton (D:4)
  A quokka zombie (D:6)
  26 rats
365 creatures vanquished.

Notes
Turn   | Place    | Note
-------+----------+-------------------------------------------
     0 | D:1      | Eurus the Mummy Conjurer began the quest for the Orb.
     0 | D:1      | Reached XP level 1. HP: 13/13 MP: 4/4
   213 | D:1      | Reached skill level 3 in Spellcasting
   255 | D:1      | Reached XP level 2. HP: 20/20 MP: 1/6
   430 | D:1      | Reached skill level 1 in Fighting
  1104 | D:2      | Reached XP level 3. HP: 26/26 MP: 3/7
  1323 | D:2      | Learned a level 2 spell: Searing Ray
  1894 | D:2      | Found a runed translucent door.
  1895 | D:2      | Noticed Crazy Yiuf
  1947 | D:2      | Reached XP level 4. HP: 33/33 MP: 2/9
  2794 | D:3      | Reached skill level 4 in Spellcasting
  2853 | D:3      | Found a glowing golden altar of the Shining One.
  3659 | D:4      | Reached XP level 5. HP: 30/39 MP: 9/11
  3800 | D:2      | Killed Crazy Yiuf
  4107 | D:4      | Noticed Grinder
  4107 | D:4      | Paralysed by Grinder for 7 turns
  4190 | D:4      | Noticed a phantom
  4368 | D:4      | Found a burning altar of Makhleb.
  4390 | D:4      | Reached skill level 1 in Staves
  4390 | D:4      | Reached XP level 6. HP: 47/47 MP: 5/13
  4590 | D:4      | Reached skill level 5 in Spellcasting
  4999 | D:5      | Entered Level 5 of the Dungeon
  5092 | D:5      | Noticed an ice beast
  5368 | D:5      | Noticed an ice beast
  5379 | D:5      | Killed an ice beast
  5379 | D:5      | Reached XP level 7. HP: 49/53 MP: 6/15
  6068 | D:5      | Reached skill level 6 in Spellcasting
  6068 | D:5      | Reached skill level 5 in Conjurations
  6718 | D:5      | Reached XP level 8. HP: 60/60 MP: 11/17
  7025 | D:4      | Reached skill level 7 in Spellcasting
  7704 | D:6      | Reached skill level 8 in Spellcasting
  7863 | D:5      | HP: 2/60 [orc warrior/+0 dire flail (13)]
  7866 | D:5      | Reached XP level 9. HP: 3/65 MP: 1/21
  8375 | D:6      | Found a staircase to the Ecumenical Temple.
  8384 | Temple   | Entered the Ecumenical Temple
  8624 | Temple   | Became a worshipper of Ashenzari the Shackled
  8731 | D:6      | Reached skill level 9 in Spellcasting
  8918 | D:6      | Noticed a cyclops
  9722 | D:7      | Reached skill level 10 in Spellcasting
 10264 | D:8      | Reached XP level 10. HP: 71/71 MP: 20/24
 10387 | D:8      | Noticed a two-headed ogre
 10446 | D:8      | Noticed Joseph
 10496 | D:8      | Reached skill level 11 in Spellcasting
 10870 | D:8      | Found a staircase to the Lair.
 11143 | D:8      | Learned a level 4 spell: Sticky Flame
 11620 | D:8      | Found a shimmering blue altar of Sif Muna.
 11704 | D:8      | Reached skill level 1 in Armour
 11704 | D:8      | Reached skill level 1 in Fire Magic
 12221 | D:9      | Reached * piety under Ashenzari
 12876 | D:9      | Noticed a gargoyle
 12877 | D:9      | Noticed a green ugly thing
 13159 | D:9      | Noticed a manticore
 13163 | D:9      | Killed a green ugly thing
 13173 | D:9      | Killed a manticore
 13173 | D:9      | Reached skill level 12 in Spellcasting
 13990 | D:10     | Entered Level 10 of the Dungeon
 14025 | D:10     | Reached XP level 11. HP: 65/77 MP: 18/27
 14869 | D:10     | Found Medi's Magic Scroll Emporium.
 16606 | D:11     | Noticed an unseen horror
 17250 | D:12     | Noticed a seven-headed hydra
 17666 | D:12     | Reached skill level 10 in Conjurations
 17766 | D:12     | Reached skill level 5 in Fire Magic
 17774 | D:12     | Reached skill level 5 in Armour
 17857 | D:12     | Found a staircase to the Orcish Mines.
 18042 | D:12     | Noticed a white ugly thing
 18047 | D:12     | Noticed a white ugly thing
 18052 | D:12     | Noticed a two-headed ogre
 18053 | D:12     | Killed a white ugly thing
 18071 | D:12     | Slain by a white ugly thing

Levels and vault maps discovered:
D:1:      minmay_arrival_loop, layout_loops_ring
D:2:      layout_basic, first_ration, minmay_pentomino_v2,
          uniq_crazy_yiuf_cottage
D:3:      layout_loops_corners, tso_metal_star
D:4:      cheibrodos_quashed, layout_basic, lemuel_coloured_pillars_altar,
          uniq_grinder
D:5:      lemuel_ratsnest, layout_basic
D:6:      minmay_clustersquares, layout_loops_ring, temple_statues,
          kennysheep_generic_room_5
D:7:      layout_basic
D:8:      layout_loops_ring, lair_entry_dummy, hangedman_pestilent_swarm,
          led_sif_pool, uniq_joseph
D:9:      layout_layer_cave, minmay_fractal_squares_gapless_7
D:10:     layout_long_grid, serial_shops, nicolae_shop_trees
D:11:     layout_long_grid, chequers_serial_rivers_small_a
D:12:     layout_loops_cross, david_orc_2, minmay_fractal_squares_diagonal_5
Temple:   nicolae_temple_the_god_donut

Skill      XL: |  1  2  3  4  5  6  7  8  9 10 11 |
---------------+----------------------------------+-----
Spellcasting   | 3 4 5 6 8 10 12 | 12.8
Fighting       | 1 2 3 4 |  4.0
Conjurations   | 4 5 6 8 9 10 | 10.2
Staves         | 1 3 4 |  4.3
Armour         | 3 5 |  5.2
Fire Magic     | 3 5 |  5.3
Dodging        | |  1.5
Stealth        | |  1.5

Action                   |  1- 3 |  4- 6 |  7- 9 | 10-12 || total
-------------------------+-------+-------+-------+-------++-------
Melee: Unarmed           |    11 |       |       |       ||    11
       Club              |     5 |       |       |       ||     5
       Dagger            |    16 |    72 |       |       ||    88
       Quarterstaff      |       |    12 |   178 |    80 ||   270
 Cast: Magic Dart        |    63 |    33 |    56 |   150 ||   302
       Searing Ray       |     2 |    18 |    55 |   112 ||   187
Invok: Curse Item        |       |       |     1 |     1 ||     2
  Use: Scroll            |       |       |       |    16 ||    16
 Stab: Sleeping          |     2 |     1 |       |       ||     3
       Paralysed         |       |       |     5 |       ||     5
Armor: Robe              |     7 |    30 |    84 |     8 ||   129
       Leather armour    |       |       |       |   100 ||   100
       Troll leather arm |       |       |       |    41 ||    41
Dodge: Dodged            |    25 |    72 |   156 |   199 ||   452

Table legend:
 A = Non-vault XP
 B = Vault XP
 C = Vault XP percentage of total XP
 D = Non-vault monster count
 E = Vault monster count
 F = Vault count percentage of total count
                 A         B        C        D         E       F
            +---------+---------+-------+---------+---------+-------
      Total |   16960 |    3749 |  18.1 |     305 |      60 |  16.4
            +---------+---------+-------+---------+---------+-------
        D:1 |      37 |       0 |   0.0 |      21 |       0 |   0.0
        D:2 |      48 |      54 |  52.9 |      15 |       3 |  16.7
        D:3 |      75 |       0 |   0.0 |      19 |       0 |   0.0
        D:4 |     709 |       0 |   0.0 |      18 |       0 |   0.0
        D:5 |     925 |     168 |  15.4 |      21 |      27 |  56.2
        D:6 |    1498 |     130 |   8.0 |      35 |       4 |  10.3
        D:7 |    1793 |       0 |   0.0 |      30 |       0 |   0.0
        D:8 |    1424 |     846 |  37.3 |      31 |       4 |  11.4
        D:9 |    1071 |    1647 |  60.6 |      12 |       9 |  42.9
       D:10 |    4591 |       0 |   0.0 |      61 |       0 |   0.0
       D:11 |    1589 |       0 |   0.0 |      27 |       0 |   0.0
       D:12 |    3200 |     904 |  22.0 |      15 |      13 |  46.4
            +---------+---------+-------+---------+---------+-------
